 Dungeon Crawl Stone Soup version 0.26.1-2-gb8aa6d0cf2 (webtiles) character file.

Game seed: 4228666475335738058

31045 asdsad the Bludgeoner (level 13, 0/84 HPs)
             Began as a Gargoyle Fighter on Mar 3, 2021.
             Was an Elder of the Shining One.
             Slain by a fire giant
             ... wielding a +1 great sword of flaming
              (2 damage)
             ... on level 1 of the Depths.
             The game lasted 00:45:26 (16070 turns).

asdsad the Bludgeoner (Gargoyle Fighter)           Turns: 16070, Time: 00:45:26

Health: 0/84       AC: 33    Str: 21    XL:     13   Next: 55%
Magic:  13/13      EV: 14    Int:  9    God:    the Shining One [****..]
Gold:   901        SH:  0    Dex: 13    Spells: 12/12 levels left

rFire    + . .     SeeInvis .   d - +4 dire flail (holy)
rCold    . . .     Faith    .   (shield currently unavailable)
rNeg     + + +     Spirit   .   x - +5 chain mail {rF+}
rPois    ∞         Reflect  .   C - +2 helmet
rElec    +         Harm     .   y - +1 cloak {rCorr}
rCorr    +         Rampage  .   (no gloves)
Will     .....                  E - +0 pair of boots
Stlth    ..........             (no amulet)
HPRegen  0.24/turn              G - +4 ring of evasion
MPRegen  0.13/turn              r - +4 ring of slaying

@: glowing
A: negative energy resistance 1, electricity resistance, unbreathing,
petrification resistance, miasma immunity, AC +9
a: Renounce Religion, Divine Shield, Cleansing Flame


You were on level 1 of the Depths.
You worshipped the Shining One.
The Shining One was greatly pleased with you.
You visited 3 branches of the dungeon, and saw 17 of its levels.

You collected 901 gold pieces.

Inventory:

Hand Weapons
 d - a +4 dire flail of holy wrath (weapon)
 D - a +2 whip of electrocution
Armour
 x - a +5 chain mail of fire resistance (worn)
 y - a +1 cloak of preservation (worn)
 C - a +2 helmet (worn)
 E - a +0 pair of boots (worn)
Jewellery
 c - an uncursed ring of poison resistance
 r - a +4 ring of slaying (right hand)
 G - a +4 ring of evasion (left hand)
 H - a +6 ring of intelligence
Wands
 a - a wand of polymorph (7)
 s - a wand of acid (20)
 F - a wand of random effects (31)
Scrolls
 g - 3 scrolls of blinking
 i - 2 scrolls of fear
 m - 7 scrolls of teleportation
 n - 7 scrolls of remove curse
 o - a scroll of fog {unknown}
 q - 2 scrolls of magic mapping
 u - 4 scrolls of identify
 I - 3 scrolls of immolation
 J - a scroll of enchant armour
Potions
 b - a potion of invisibility {unknown}
 e - a potion of mutation {unknown}
 f - 13 potions of curing
 h - 3 potions of lignification
 j - 2 potions of cancellation
 k - 2 potions of resistance
 p - 2 potions of flight
 t - a potion of degeneration {unknown}
 v - a potion of haste {unknown}
 w - a potion of brilliance {unknown}
 z - 3 potions of attraction
 A - 3 potions of might
 B - a potion of ambrosia {unknown}


   Skills:
 + Level 11.0 Fighting
 * Level 16.7 Maces & Flails
 + Level 10.2 Armour
 + Level 3.9 Dodging
 - Level 5.2 Shields
 + Level 1.0 Unarmed Combat
 + Level 0.2 Invocations


You had 12 spell levels left.
You didn't know any spells.
Your spell library contained the following spells:

 Spells                   Type           Power        Failure   Level
 Foxfire                  Conj/Fire      0%           95%         1
 Magic Dart               Conj           0%           95%         1
 Sandblast                Erth           0%           95%         1
 Blink                    Tloc           N/A          99%         2
 Call Imp                 Summ           0%           99%         2
 Passwall                 Tmut/Erth      0%           99%         2
 Slow                     Hex            0%           99%         2
 Conjure Flame            Conj/Fire      0%           100%        3
 Inner Flame              Hex/Fire       0%           100%        3
 Mephitic Cloud           Conj/Pois/Air  0%           100%        3
 Stone Arrow              Conj/Erth      0%           100%        3
 Petrify                  Tmut/Erth      0%           100%        4
 Sticky Flame             Conj/Fire      0%           100%        4
 Fireball                 Conj/Fire      0%           100%        5
 Lee's Rapid Deconstruct  Erth           0%           100%        5


Dungeon Overview and Level Annotations

Branches:
Dungeon (15/15)            Temple (1/1) D:6            Lair (0/6) D:11
    Orc (0/2) D:10         Depths (1/5) D:15
 Vaults: D:13-14

Altars:
Ashenzari
Cheibriados
Dithmenos
Elyvilon
Fedhas
Gozag
Hepliaklqana
Kikubaaqudgha
Makhleb
Nemelex Xobeh
Okawaru
Qazlal
Ru
Sif Muna
Trog
Uskayaw
Vehumet
Wu Jian
Xom
Yredelemnul
Zin
The Shining One

Shops:
D:11 :

Portals:
Abyss: D:8
Trove: D:11 (give 5 scrolls of blinking)

Annotations:
D:6 2 transporters
D:8 2 transporters, asdsad's ghost, novice MiBe
D:9 2 transporters, kelmiir's ghost, novice GnAM
D:11 2 transporters
D:13 exclusion: ice statue


Innate Abilities, Weirdness & Mutations

You are resistant to torment.
Your stone body is resilient. (AC +9)
You are immune to poison.
You resist negative energy. (rN+)
You are resistant to electric shocks. (rElec)
You can survive without breathing.
You are immune to petrification.
You are immune to miasma.


Message History

The slime creature barely misses you.
You slip free of the water engulfing you.
The water engulfing you falls away.
The deep elf mage mumbles some strange words.
The deep elf mage blinks!
The fire giant casts a spell at you.
The fireball explodes!
The fireball engulfs you. You resist.
* * * LOW HITPOINT WARNING * * *
You hear an angry buzzing noise. x2; You hear a shout!
You hear an angry hiss.
The deep elf mage gestures wildly while chanting.
A slime creature and a spark wasp come into view.
The slime creature quivers.
The ynoxinul gestures.
There is a staircase back to the Dungeon here.
The deep elf mage mumbles some strange words.
The deep elf mage blinks!
The slime creature barely misses you.
The fire giant hits you with a +1 great sword of flaming!
* * * LOW HITPOINT WARNING * * *
The fire giant burns you.
You die...

≈≈≈≈.....≈≈≈≈.≈≈
≈≈≈≈.......≈≈.≈≈≈≈..
≈≈≈≈.....≈.≈≈.≈≈≈...
≈≈≈≈....≈≈...>.≈≈..#
......≈≈≈≈≈≈≈≈.≈≈...
......≈≈≈≈≈≈≈≈.....
.......≈....≈.....
≈≈J≈≈≈.@CE.c..#
........JC.((.#
.>......cc#(.##
..............#..#
...y.......h...#
y......#..#....#
.......####§3e....
.(..... ......^.
...... .........


You could see a fire giant, a stone giant, 2 spark wasps, 2 slime creatures, 3
yaktaurs, a water elemental, a deep elf mage, a raiju and a ynoxinul (summoned).

Vanquished Creatures
  An ettin (D:15)
  Harold (D:7)
  2 centaur warriors
  An ogre mage (D:15)
  6 two-headed ogres
  A fire crab (shapeshifter) (D:14)
  The ghost of Wertik the Cleaver, a novice MiFi of Uskayaw (D:7)
  An unseen horror (D:14)
  Pikel (D:7)
  The ghost of Name63 the Destroyer, a novice DECj of Vehumet (D:7)
  An orc sorcerer (D:15)
  4 ugly things
  A deep elf mage (D:13)
  A cyclops (D:15)
  Joseph (D:9)
  Psyche (D:11)
  3 gargoyles
  2 efreet
  2 freezing wraiths
  A tengu conjurer (D:15)
  2 trolls
  2 hornets
  5 slime creatures (D:14)
  A meliai zombie (D:15)
  A shadow (D:14)
  2 wraiths
  A vampire (D:12)
  A water elemental (Depths:1)
  5 wyverns
  9 yaks
  2 basilisks
  2 steam dragons
  12 vampire mosquitoes
  4 wargs (D:10)
  An acid dragon (D:11)
  Edmund (D:5)
  A soldier ant (D:13)
  A water moccasin (D:10)
  4 black bears
  5 ice beasts
  6 phantoms
  A sky beast (D:11)
  A necrophage (D:7)
  8 orc warriors
  An eye of draining (D:14)
  3 ogres
  12 centaurs
  A lemure (D:7)
  A big kobold (D:10)
  10 bullfrogs
  5 scorpions
  11 killer bees
  3 wights (D:12)
  9 electric eels (D:7)
  3 howler monkeys
  A bullfrog zombie (D:7)
  4 centaur zombies
  4 hounds
  2 jellies
  7 orc priests
  9 orc wizards
  3 iron imps (D:3)
  A bullfrog skeleton (D:7)
  3 centaur skeletons
  5 iguanas
  7 worker ants
  3 hound zombies
  A hound skeleton (D:7)
  16 adders
  4 gnolls (D:3)
  3 shadow imps
  4 white imps
  An ufetubus (D:6)
  4 oozes
  3 worms
  2 dart slugs
  6 leopard geckos
  69 orcs
  2 ball pythons
  7 bats
  9 giant cockroaches
  6 goblins
  8 hobgoblins
  14 jackals
  5 quokkas
  7 frilled lizards
  13 kobolds
  A leopard gecko skeleton (D:4)
  4 quokka skeletons
  15 rats
423 creatures vanquished.

Vanquished Creatures (others)
  A bullfrog (D:15)
  19 plants
  8 withered plants
28 creatures vanquished.

Grand Total: 451 creatures vanquished

Notes
Turn   | Place    | Note
-------+----------+-------------------------------------------
     0 | D:1      | asdsad the Gargoyle Fighter began the quest for the Orb.
     0 | D:1      | Reached XP level 1. HP: 14/14 MP: 1/1
   171 | D:1      | Reached XP level 2. HP: 19/19 MP: 2/2
   412 | D:1      | Reached XP level 3. HP: 21/23 MP: 3/3
   911 | D:2      | Reached skill level 3 in Maces & Flails
  1105 | D:2      | Reached XP level 4. HP: 28/28 MP: 4/4
  2000 | D:3      | Reached skill level 4 in Maces & Flails
  2000 | D:3      | Reached XP level 5. HP: 33/33 MP: 5/5
  2091 | D:3      | Found an ancient bone altar of Kikubaaqudgha.
  2092 | D:3      | Found a blossoming altar of Fedhas.
  2277 | D:3      | Noticed an ogre
  2294 | D:3      | Killed an ogre
  2295 | D:3      | Reached skill level 1 in Dodging
  2295 | D:3      | Reached XP level 6. HP: 16/38 MP: 6/6
  2331 | D:3      | Reached skill level 5 in Maces & Flails
  2828 | D:3      | Found a shadowy altar of Dithmenos.
  2828 | D:3      | Found a bloodstained altar of Trog.
  2851 | D:3      | Found a burning altar of Makhleb.
  3352 | D:3      | Found a snail-covered altar of Cheibriados.
  3447 | D:4      | Reached XP level 7. HP: 37/43 MP: 7/7
  4001 | D:5      | Entered Level 5 of the Dungeon
  4014 | D:5      | Noticed Edmund
  4031 | D:5      | Reached skill level 6 in Maces & Flails
  4041 | D:5      | Killed Edmund
  4042 | D:5      | Reached skill level 5 in Shields
  4452 | D:5      | Reached XP level 8. HP: 45/48 MP: 8/8
  4505 | D:5      | Reached skill level 7 in Maces & Flails
  4709 | D:5      | Found a basalt altar of Yredelemnul.
  4859 | D:5      | Found a sparkling altar of Nemelex Xobeh.
  4860 | D:5      | Found an opulent altar of Gozag.
  4982 | D:5      | Reached skill level 5 in Armour
  5226 | D:6      | Found a staircase to the Ecumenical Temple.
  5266 | Temple   | Entered the Ecumenical Temple
  5718 | D:6      | Reached skill level 8 in Maces & Flails
  5763 | D:6      | Found a transporter.
  5777 | D:6      | Noticed a kobold demonologist
  5785 | D:6      | Found a transporter.
  6594 | D:7      | Noticed Harold
  6614 | D:7      | Killed Harold
  6615 | D:7      | Reached skill level 5 in Fighting
  6615 | D:7      | Reached skill level 9 in Maces & Flails
  6615 | D:7      | Reached XP level 9. HP: 42/54 MP: 9/9
  6624 | D:7      | Reached skill level 10 in Maces & Flails
  6770 | D:7      | Found a shimmering altar of Xom.
  7046 | D:7      | Found an opulent altar of Gozag.
  7243 | D:7      | Reached skill level 11 in Maces & Flails
  7247 | D:7      | Noticed Pikel
  7337 | D:7      | Reached XP level 10. HP: 28/60 MP: 10/10
  7343 | D:7      | Killed Pikel
  8124 | D:7      | Found a runed translucent gate.
  8124 | D:7      | Found a runed translucent gate.
  8125 | D:7      | Found a runed translucent gate.
  8125 | D:7      | Noticed Name63's ghost (novice DECj)
  8125 | D:7      | Noticed Wertik's ghost (novice MiFi)
  8263 | D:7      | Killed Name63's ghost
  8264 | D:7      | Reached skill level 12 in Maces & Flails
  8273 | D:7      | Killed Wertik's ghost
  8354 | D:8      | Found a transporter.
  8372 | D:8      | Reached skill level 1 in Unarmed Combat
  8451 | D:8      | Found a one-way gate to the infinite horrors of the Abyss.
  8451 | D:8      | Noticed asdsad's ghost (novice MiBe)
  8538 | D:8      | Identified the +6 dagger of Hunel {distort, rF- Int+7
                  | Stlth+}
  8549 | D:8      | Found a shimmering blue altar of Sif Muna.
  8564 | D:8      | Noticed a cyan ugly thing
  8571 | D:8      | Noticed a sun demon
  8642 | D:8      | Found a transporter.
  8874 | D:8      | Reached XP level 11. HP: 64/66 MP: 11/11
  8947 | D:8      | Found a glowing golden altar of the Shining One.
  8991 | D:8      | Reached skill level 13 in Maces & Flails
  9029 | D:8      | Became a worshipper of the Shining One
  9953 | D:9      | Found a transporter.
  9956 | D:9      | Noticed kelmiir's ghost (novice GnAM)
  9989 | D:9      | Noticed Joseph
 10008 | D:9      | Killed Joseph
 10015 | D:9      | Found a transporter.
 10078 | D:9      | Reached * piety under the Shining One
 10481 | D:10     | Entered Level 10 of the Dungeon
 10738 | D:10     | Noticed a two-headed ogre
 10744 | D:10     | Killed a two-headed ogre
 11059 | D:10     | Found a staircase to the Orcish Mines.
 11076 | D:10     | Reached skill level 14 in Maces & Flails
 11333 | D:11     | Found a transporter.
 11399 | D:11     | Noticed a two-headed ogre
 11407 | D:11     | Killed a two-headed ogre
 11466 | D:11     | Found an opulent altar of Gozag.
 11556 | D:11     | Found a transporter.
 11613 | D:11     | Noticed Psyche
 11621 | D:11     | Killed Psyche
 12430 | D:11     | Found a staircase to the Lair.
 12430 | D:11     | Reached ** piety under the Shining One
 12702 | D:11     | Found a portal to a secret trove of treasure.
 13045 | D:11     | Found Pootot's Book Emporium.
 13107 | D:11     | Reached XP level 12. HP: 75/75 MP: 12/12
 13511 | D:12     | Reached skill level 15 in Maces & Flails
 13947 | D:12     | You fall into a shaft and drop 1 floor!
 13979 | D:14     | Reached *** piety under the Shining One
 14119 | D:14     | Noticed a two-headed ogre
 14126 | D:14     | Killed a two-headed ogre
 14710 | D:14     | Noticed a centaur warrior
 14711 | D:14     | Reached skill level 10 in Fighting
 14724 | D:14     | Killed a centaur warrior
 14725 | D:14     | Reached skill level 16 in Maces & Flails
 14725 | D:14     | Reached XP level 13. HP: 59/82 MP: 13/13
 15638 | D:13     | You fall into a shaft and drop 2 floors!
 15638 | D:15     | Entered Level 15 of the Dungeon
 15638 | D:15     | Found a staircase to the Depths.
 15638 | D:15     | Noticed an ettin
 15639 | D:15     | Reached **** piety under the Shining One
 15644 | D:15     | Killed an ettin
 15651 | D:15     | Paralysed by an orc sorcerer for 7 turns
 15899 | D:15     | Reached skill level 10 in Armour
 16042 | Depths:1 | Entered Level 1 of the Depths
 16053 | Depths:1 | Noticed a stone giant
 16055 | Depths:1 | Noticed a fire giant
 16069 | Depths:1 | Noticed a spark wasp
 16070 | Depths:1 | Noticed a spark wasp
 16070 | Depths:1 | HP: 2/84 [fire giant/+1 great sword of flaming (12)]
 16070 | Depths:1 | Slain by a fire giant

Illustrated notes

Levels and vault maps discovered:
D:1:      dpeg_arrival_more_subterranean_lakeside_camping, layout_basic,
          minmay_pentomino_z2
D:2:      layout_basic, serial_forest, infiniplex_forest_end_1,
          infiniplex_forest_straight_3, infiniplex_forest_clump_medium,
          infiniplex_forest_straight_1, infiniplex_forest_diagonal,
          infiniplex_forest_clump_small, infiniplex_forest_lined_room_3,
          infiniplex_forest_clump_tiny, infiniplex_forest_clump_double,
          minmay_door_square, kennysheep_generic_room_3
D:3:      layout_basic, grunt_temple_overflow_growth_and_decay,
          nicolae_overflow_hidden_temple, demons_altar,
          gammafunk_temple_overflow_pools, st_stairs_5,
          chequers_serial_rivers_marsh
D:4:      layout_rooms
D:5:      layout_rooms, grunt_temple_overflow_opulence, lemuel_doored_altar,
          uniq_edmund
D:6:      gammafunk_wand_slinger, layout_basic,
          minmay_temple_entry_antechambers, kennysheep_generic_room_9
D:7:      layout_basic, general_overflow_altar, serial_bayou,
          serial_bayou_ford_a, serial_bayou_lagoon_a, serial_bayou_crossing,
          serial_bayou_pond_b, serial_bayou_lagoon_b, serial_bayou_pond_e,
          gammafunk_ghost_cemetery, basic_altar, uniq_harold, uniq_pikel
D:8:      layout_rooms, nicolae_tso_swordbearing_angel, lemuel_round_altar,
          gammafunk_ghost_abyssal_escape, serial_co_window_serial,
          co_window_of_opportunity_a, co_window_paths_b, co_window_corner_a,
          co_window_cross_1, co_window_corner_a, co_window_paths_b,
          co_window_paths_b, co_window_2corner, co_window_broadway_a,
          co_window_2corner, glass_columns_c, glass_columns_b, glass_columns_a
D:9:      layout_cave_pods, gammafunk_ghost_stat_death, uniq_joseph
D:10:     layout_rooms, minmay_orc_entry_guard_dogs,
          ebering_dispersal_statue_hall
D:11:     gammafunk_cloud_chamber, layout_grid_maze, david_lair_generic,
          serial_shops, nicolae_shop_window_shopping,
          nicolae_trove_entry_free_sample, basic_altar, uniq_psyche
D:12:     layout_loops_ring
D:13:     layout_basic, david_vaults_2, minivault_16, minmay_misc_feat_enclosed
D:14:     layout_cave_pools, hangedman_decor_peaks_small
D:15:     hangedman_depths_entry_civil_slaughter, layout_loops_ring,
          chequers_serial_rivers_micro_e
Temple:   jpeg_temple_alley_garden
Depths:1: lemuel_castle_with_subvaults [lemuel_castle_interior_carwin_2],
          layout_cave_pools, columned_hall_lemuel,
          pf_vacation_house_of_asmodeus, ebering_ghost_disaster_area,
          corexii_leaking_fountain, kennysheep_two_boxes, uniq_sojobo,
          uniq_bai_suzhen

Skill      XL: |  1  2  3  4  5  6  7  8  9 10 11 12 13 |
---------------+----------------------------------------+-----
Maces & Flails | 3 4 5 6 9 11 12 14 16 | 16.7
Armour         | 4 6 7 9 10 | 10.2
Shields        | 4 5 |  5.2
Dodging        | 1 2 3 |  3.9
Fighting       | 4 5 6 8 10 11 | 11.0
Unarmed Combat | 1 |  1.0
Invocations    | |  0.2

Action                   |  1- 3 |  4- 6 |  7- 9 | 10-12 | 13-15 || total
-------------------------+-------+-------+-------+-------+-------++-------
Melee: Flail             |   124 |   250 |   100 |       |       ||   474
       Dire flail        |       |       |   299 |   690 |   116 ||  1105
       Unarmed           |       |       |    14 |       |       ||    14
Invok: Divine Shield     |       |       |       |       |     1 ||     1
  Use: Scroll            |       |       |     7 |    16 |     1 ||    24
       Potion            |       |       |     2 |     2 |     4 ||     8
Armor: Scale mail        |    57 |   145 |    42 |       |       ||   244
       Chain mail        |       |       |   210 |   474 |   139 ||   823
Dodge: Dodged            |    45 |   129 |   182 |   385 |    94 ||   835
Block: Kite shield       |    67 |   160 |    55 |       |       ||   282
       Other             |       |       |       |       |    12 ||    12
